 Dungeon Crawl Stone Soup version 0.30-a0-457-g4b7bca3bfa (webtiles) character file.

Game seed: 10518604183056180835

49 Bnni the Grave Robber (level 3, 0/26 HPs)
             Began as a Demonspawn Necromancer on Dec 13, 2022.
             Slain by a goblin
             ... wielding a +0 dagger
             ... led by Robin
              (2 damage)
             ... on level 2 of the Dungeon.
             The game lasted 00:02:30 (1076 turns).

Bnni the Grave Robber (Demonspawn Necromancer)      Turns: 1076, Time: 00:02:31

Health: 0/26       AC:  3    Str:  8    XL:     3   Next: 51%
Magic:  2/6        EV: 11    Int: 18    God:
Gold:   83         SH:  0    Dex: 13    Spells: 5/6 levels left

rFire   . . .      SeeInvis .    m - +0 trident
rCold   . . .      Faith    .    (no shield)
rNeg    . . .      Spirit   .    l - +0 leather armour
rPois   .          Reflect  .    (no helmet)
rElec   .          Harm     .    (no cloak)
rCorr   .          Rampage  .    (no gloves)
Will    .....                    (no boots)
Stlth   ++........               (no amulet)
HPRegen 0.24/turn                (no ring)
MPRegen 0.10/turn                (no ring)

@: no status effects
A: weakness stinger 2
a: no special abilities


You were on level 2 of the Dungeon.
You visited 1 branch of the dungeon, and saw 2 of its levels.

You collected 83 gold pieces.

Inventory:

Hand Weapons
 d - a +0 sling
 m - a +0 trident (weapon)
Missiles
 j - 5 poisoned darts
Armour
 l - a +0 leather armour (worn)
Scrolls
 f - a scroll of silence {unknown}
 i - a scroll of identify {unknown}
 k - a scroll of poison {unknown}
Potions
 a - a potion of flight {unknown}
 c - a potion of curing {unknown}
 e - a potion of berserk rage {unknown}
 h - a potion of mutation {unknown}


   Skills:
 + Level 1.3 Fighting
 - Level 1.7 Dodging
 - Level 1.7 Stealth
 + Level 2.4 Spellcasting
 * Level 5.2 Necromancy


You had 5 spell levels left.
You knew the following spells:

 Your Spells              Type           Power      Damage    Failure   Level
a - Necrotise             Necr           84%        1d8       3%          1

Your spell library contained the following spells:

 Spells                   Type           Power      Damage    Failure   Level
 Vampiric Draining        Necr           21%        2d7       9%          3
 Animate Dead             Necr           21%        N/A       28%         4
 Agony                    Necr           21%        N/A       63%         5


Dungeon Overview and Level Annotations

Branches:
Dungeon (2/15)

Altars:


Innate Abilities, Weirdness & Mutations

You have a tail ending in a sharp stinger.


Message History

The dead are walking!
Your hobgoblin skeleton completely misses the hobgoblin.
The hobgoblin hits your hobgoblin skeleton.
The goblin barely misses your hobgoblin skeleton.
The hobgoblin hits your hobgoblin skeleton.
The goblin hits you with a +0 dagger.
* * * LOW HITPOINT WARNING * * *
Something hits your hobgoblin skeleton.
Your hobgoblin skeleton is destroyed!
The goblin hits your hobgoblin skeleton with a +0 club.
Your hobgoblin skeleton is destroyed!
You closely miss the goblin. The goblin hits you but does no damage.
Unknown command.
Magic courses through your body. The goblin closely misses you.
The goblin hits you but does no damage.
Aiming: Necrotise (safe; 3% risk of failure)
Press: ? - help, Q - select action, (/) - cycle Shift-Dir - straight line, f - goblin
Aim: a goblin, wielding a +0 club (chance to affect: 89%)
The goblin writhes in agony!
You kill the goblin!
The dead are walking!
The goblin hits you with a +0 dagger.
* * * LOW HITPOINT WARNING * * *
Aiming: Necrotise (safe; 3% risk of failure)
Press: ? - help, Q - select action, (/) - cycle Shift-Dir - straight line, f - hobgoblin
Aim: a hobgoblin (heavily wounded, chance to affect: 89%)
The hobgoblin writhes in agony.
The goblin barely misses you. The hobgoblin hits you.
* * * LOW HITPOINT WARNING * * *
Aiming: Necrotise (safe; 3% risk of failure)
Press: ? - help, Q - select action, (/) - cycle Shift-Dir - straight line, f/p - hobgoblin
Aim: a hobgoblin (severely wounded, chance to affect: 89%)
The hobgoblin writhes in agony.
You kill the hobgoblin!
The goblin closely misses you.
Aiming: Necrotise (safe; 3% risk of failure)
Press: ? - help, Q - select action, (/) - cycle Shift-Dir - straight line, f - goblin
Aim: a goblin, wielding a +0 dagger (chance to affect: 90%)
The goblin writhes in agony.
The goblin hits you with a +0 dagger.
You die...

#...##...##.....
#....##...##..#.
#>...##...##... #######
#.....''.8.++..
.......#####....##...##...
.....g....##...##...##....
....g>.)Zg....##...##..###
.g.....##g#..##.8.##....).
....g.. #@#.####'##..#####
..g.... #g#........###
...g... .b...(######
.............##
#########.#### #.# #.# #.#


You could see a hobgoblin (ally target), 2 goblins, a bat and a friendly goblin
skeleton.

Vanquished Creatures
  Robin (D:2)
  5 bats
  4 endoplasms
  3 giant cockroaches
  4 goblins (D:2)
  7 hobgoblins
  4 kobolds
  A ball python (D:1)
  2 rats (D:1)
31 creatures vanquished.

Vanquished Creatures (collateral kills)
  A goblin (D:2)
  A rat (D:2)
2 creatures vanquished.

Vanquished Creatures (others)
  A fungus (D:2)
1 creature vanquished.

Grand Total: 34 creatures vanquished

Notes
Turn   | Place    | Note
-------+----------+-------------------------------------------
     0 | D:1      | Bnni the Demonspawn Necromancer began the quest for the
                  | Orb.
     0 | D:1      | Reached XP level 1. HP: 13/13 MP: 3/3
   392 | D:1      | Gained mutation: You have a small tail. [demonic ancestry]
   392 | D:1      | Reached XP level 2. HP: 20/20 MP: 5/5
   883 | D:2      | Reached skill level 1 in Fighting
  1007 | D:2      | Reached skill level 5 in Necromancy
  1041 | D:2      | Noticed Robin
  1043 | D:2      | Gained mutation: You have a tail ending in a sharp stinger.
                  | [demonic ancestry]
  1043 | D:2      | Reached XP level 3. HP: 26/26 MP: 4/6
  1062 | D:2      | Killed Robin
  1076 | D:2      | Slain by a goblin

Illustrated notes

Levels and vault maps discovered:
D:1:      nzn_arrival_crosshair, layout_basic
D:2:      layout_loops_ring, shapermc_ecumenical_altar_petra, serial_shops,
          shop_statue, grunt_decor_arrowhead, uniq_robin,
          uniq_crazy_yiuf_cottage

Skill      XL: |  1  2 |
---------------+-------+-----
Fighting       | 1 |  1.3
Necromancy     | 5 |  5.2
Dodging        | |  1.7
Stealth        | |  1.7
Spellcasting   | |  2.4

Action                   || total
-------------------------++-------
Melee: Dagger            ||    47
       Tailslap          ||     8
       Trident           ||    14
 Fire: Sling             ||    30
 Cast: Necrotise         ||    28
  Use: Potion            ||     2
 Stab: Sleeping          ||     1
Armor: Robe              ||    12
       Leather armour    ||    25
Dodge: Dodged            ||    93

Table legend: (Time is in decaauts)
 A = Elapsed time spent in this place.
 B = Non-inter-level travel time spent in this place.
 C = Inter-level travel time spent in this place.
 D = Time resting spent in this place.
 E = Time spent auto-exploring this place.
 F = Levels seen in this place.
 G = Mean time per level.
                   A        B        C        D        E       F      G
               +--------+--------+--------+--------+--------+-----+--------+
         Total |   1090 |   1078 |     12 |    139 |    680 |   2 |  545.0 |
       Dungeon |   1090 |   1078 |     12 |    139 |    680 |   2 |  545.0 |
               +--------+--------+--------+--------+--------+-----+--------+

Top non-repeatable levels by time:
     D:1: 871 daAuts
     D:2: 219 daAuts
